 Dungeon Crawl Stone Soup version 0.21.1-1-g345015f (webtiles) character file.

28 inc the Cudgeler (level 3, 0/35 HPs)
             Began as a Gnoll Chaos Knight on June 8, 2018.
             Slain by a small abomination (11 damage)
             ... summoned by the capriciousness of Xom
             ... on level 2 of the Dungeon.
             The game lasted 00:01:24 (1138 turns).

inc the Cudgeler (Gnoll Chaos Knight)               Turns: 1138, Time: 00:01:25

Health: 0/35       AC:  8    Str: 14    XL:     3   Next: 12%
Magic:  12/12      EV: 11    Int: 15    God:    Xom [*.....]
Gold:   59         SH:  0    Dex: 14    Spells: 3/3 levels left

rFire    . . .     SeeInvis .   a - +0 mace (chaos)
rCold    . . .     Gourm    .   (no shield)
rNeg     . . .     Faith    .   b - +2 leather armour
rPois    .         Spirit   .   d - +2 helmet
rElec    .         Reflect  .   (no cloak)
rCorr    .         Harm     .   (no gloves)
MR       .....                  (no boots)
Stlth    +.........             (no amulet)
HPRegen  0.11/turn              f - ring of magical power
MPRegen  0.13/turn              (no ring)

@: heavily drained
A: distributed training, fangs 1, strong nose
a: Renounce Religion


You were on level 2 of the Dungeon.
You worshipped Xom.
You were a special plaything of Xom.
You were hungry.

You visited 1 branch of the dungeon, and saw 2 of its levels.

You collected 59 gold pieces.

Inventory:

Hand Weapons
 a - a +0 mace of chaos (weapon)
Armour
 b - a +2 leather armour (worn)
 d - a +2 helmet (worn)
Jewellery
 e - an uncursed amulet of harm
 f - a ring of magical power (left hand)
Scrolls
 g - a scroll of identify {unknown}
 h - a scroll of fog {unknown}
Potions
 i - a potion of brilliance {unknown}
 j - 2 potions of resistance {unknown}
 k - a potion of invisibility {unknown}
Comestibles
 c - 2 rations


   Skills:
 + Level 6.5(4.9) Fighting
 + Level 0.6(0.0) Short Blades
 + Level 0.6(0.0) Long Blades
 + Level 0.6(0.0) Axes
 + Level 6.5(4.9) Maces & Flails
 + Level 0.6(0.0) Polearms
 + Level 0.6(0.0) Staves
 + Level 0.6(0.0) Slings
 + Level 0.6(0.0) Bows
 + Level 0.6(0.0) Crossbows
 + Level 0.6(0.0) Throwing
 + Level 4.5(3.0) Armour
 + Level 2.5(1.1) Dodging
 + Level 0.6(0.0) Stealth
 + Level 0.6(0.0) Shields
 + Level 0.6(0.0) Unarmed Combat
 + Level 0.6(0.0) Spellcasting
 + Level 0.4(0.0) Conjurations
 + Level 0.4(0.0) Hexes
 + Level 0.4(0.0) Charms
 + Level 0.4(0.0) Summonings
 + Level 0.4(0.0) Necromancy
 + Level 0.4(0.0) Translocations
 + Level 0.4(0.0) Transmutations
 + Level 0.4(0.0) Fire Magic
 + Level 0.4(0.0) Ice Magic
 + Level 0.4(0.0) Air Magic
 + Level 0.4(0.0) Earth Magic
 + Level 0.4(0.0) Poison Magic
 + Level 0.8(0.0) Invocations
 + Level 0.6(0.0) Evocations


You had 3 spell levels left.
You didn't know any spells.

Dungeon Overview and Level Annotations

Branches:
Dungeon (2/15)

Altars:


Innate Abilities, Weirdness & Mutations

Your experience applies equally to all skills.
You have very sharp teeth.
Your uncanny sense of smell can sniff out nearby items.


Message History

A chorus of moans calls out to you!
You hit the small abomination but do no damage.
The small abomination hits you!
You emit a cloud of colourful smoke!
The small abomination hits you.
You are too injured to fight recklessly!
You are too injured to fight recklessly!
You are too injured to fight recklessly!
You are too injured to fight recklessly!
Unknown command.
Found 17 gold pieces.
The frilled lizard bites you but does no damage.
The small abomination hits you but does no damage. x2
The frilled lizard barely misses you. The small abomination hits you.
* * * LOW HITPOINT WARNING * * *
Found an escape hatch in the floor.
The small abomination hits you!
You die...
Xom yawns loudly!

#§.§.#
#§§..#
#§§§.#
#....#
#....# #####
#..x.# #....
#....# #....
#.lxx# #....
###@## #....
.......$...#
#....
#######.####
#.... >..
#.... ...
#.... .....
#.... .....
#.... .#
#...(..
###.#
#####.## #.#


You could see 3 small abominations and a frilled lizard.

Vanquished Creatures
  A dart slug (D:1)
  2 giant cockroaches (D:1)
  5 hobgoblins
  4 jackals (D:1)
  A bat (D:1)
  A frilled lizard (D:1)
  4 goblins (D:1)
  2 kobolds (D:1)
  2 rats (D:1)
22 creatures vanquished.

Notes
Turn   | Place    | Note
-------+----------+-------------------------------------------
     0 | D:1      | inc the Gnoll Chaos Knight began the quest for the Orb.
     0 | D:1      | Reached XP level 1. HP: 23/23 MP: 1/1
   155 | D:1      | XOM: harmless Necr miscast
   158 | D:1      | Reached XP level 2. HP: 29/29 MP: 2/2
   344 | D:1      | XOM: swap monsters
   521 | D:1      | XOM: harmless Tloc miscast
   794 | D:1      | XOM: medium Air miscast
   799 | D:1      | Reached XP level 3. HP: 26/35 MP: 3/3
  1095 | D:2      | XOM: harmless Tmut miscast
  1108 | D:2      | XOM: silly message
  1108 | D:2      | XOM: smoke on damage
  1119 | D:2      | XOM: 6-stop teleportation journey
  1130 | D:2      | XOM: medium Summ miscast
  1131 | D:2      | Noticed a small abomination
  1131 | D:2      | Noticed a small abomination
  1131 | D:2      | XOM: smoke on damage
  1138 | D:2      | Slain by a small abomination

Action                   || total
-------------------------++-------
Melee: Mace              ||    55
       Bite              ||     3
Armor: Leather armour    ||    27
Dodge: Dodged            ||    29
